 Dungeon Crawl Stone Soup version 0.27-a0-1245-g940ed4fa31 (webtiles) character file.

Game seed: 10679135236089855229

32837 Ge0ff the Cleaver (level 13, -2/117 HPs)
             Began as a Deep Dwarf Fighter on June 9, 2021.
             Was the Champion of Okawaru.
             Slain by Asterion
             ... wielding a +1 demon trident of flaming
              (5 damage)
             ... on level 1 of the Spider Nest.
             The game lasted 00:34:36 (2806 turns).

Ge0ff the Cleaver (Deep Dwarf Fighter)              Turns: 2806, Time: 00:34:37

Health: -2/117     AC: 16    Str: 23    XL:     13   Next: 33%
Magic:  4/4        EV: 12    Int:  9    God:    Okawaru [******]
Gold:   575        SH: 13    Dex: 19    Spells: 12/12 levels left

rFire    . . .     SeeInvis +   a - +0 broad axe (freeze)
rCold    . . .     Faith    .   c - +0 kite shield
rNeg     . . .     Spirit   .   x - +0 plate armour
rPois    .         Reflect  .   U - +0 helmet
rElec    .         Harm     .   (no cloak)
rCorr    .         Rampage  .   (no gloves)
Will     +....                  D - +0 pair of boots "Nor Kele" {Dex+5}
Stlth    ..........             A - amulet of the acrobat
HPRegen  0.00/turn              S - +4 ring of evasion {=R}
MPRegen  0.09/turn              C - ring of see invisible

@: about to teleport
A: damage resistance, heal wounds, sense surroundings 2, no regeneration
a: Heal Wounds, Renounce Religion, Heroism, Finesse


You were on level 1 of the Spider Nest.
You worshipped Okawaru.
Okawaru was exalted by your worship.
You visited 4 branches of the dungeon, and saw 17 of its levels.
You also visited: Volcano.

You collected 575 gold pieces.

Inventory:

Hand Weapons
 a - a +0 broad axe of freezing (weapon)
 b - a +2 scimitar of flaming
 F - a +1 war axe of freezing
 Q - a +0 war axe of venom
 Y - a +0 morningstar
Missiles
 g - 3 throwing nets {=f}
 v - a curare-tipped dart {=f}
 B - 3 javelins
 H - 13 poisoned darts
Armour
 c - a +0 kite shield (worn)
 x - a +0 plate armour (worn)
 D - the +0 pair of boots "Nor Kele" (worn) {Dex+5}
   (You found it in a volcano)

   It affects your dexterity (+5).
 G - a +0 scale mail
 P - a +0 pair of boots
 U - a +0 helmet (worn)
 X - a +0 chain mail
Jewellery
 A - an amulet of the acrobat (around neck)
 C - a ring of see invisible (right hand)
 I - a +6 ring of intelligence
 S - a +4 ring of evasion (left hand) {=R}
Wands
 k - a wand of iceblast (11)
Scrolls
 y - 2 scrolls of immolation
 O - a scroll of amnesia
Potions
 q - a potion of curing
 z - 4 potions of brilliance
 E - a potion of mutation {unknown}
 J - a potion of cancellation {unknown}
 L - a potion of attraction {unknown}
 M - a potion of might
 N - a potion of lignification {unknown}
 R - 2 potions of magic {unknown}
 V - a potion of haste {unknown}
 W - 4 potions of heal wounds {!q}
 Z - a potion of berserk rage {!q}
Miscellaneous
 l - a lightning rod (inert)


   Skills:
 + Level 8.0 Fighting
 * Level 14.7 Axes
 - Level 9.0 Armour
 - Level 5.0 Dodging
 * Level 9.8 Shields
 + Level 11.6 Invocations
 + Level 8.8 Evocations


You had 12 spell levels left.
You didn't know any spells.
Your spell library contained the following spells:

 Spells                   Type           Power      Damage    Failure   Level
 Animate Skeleton         Necr           0%         N/A       100%        1
 Magic Dart               Conj           0%         1d3       100%        1
 Pain                     Necr           0%         1d4       100%        1
 Blink                    Tloc           N/A        N/A       100%        2
 Call Imp                 Summ           0%         N/A       100%        2
 Slow                     Hex            0%         N/A       100%        2
 Conjure Flame            Conj/Fire      0%         6-21      100%        3
 Mephitic Cloud           Conj/Pois/Air  0%         N/A       100%        3
 Vampiric Draining        Necr           0%         2d6       100%        3
 Animate Dead             Necr           0%         N/A       100%        4
 Agony                    Necr           0%         N/A       100%        5


Dungeon Overview and Level Annotations

Branches:
Dungeon (12/15)            Temple (0/1) D:7            Lair (2/6) D:8
 Spider (1/4) Lair:2          Orc (2/2) D:9         Volcano (visited)
  Swamp: Lair:2-4    Shoals: Lair:2-4       Elf: Orc:2

Altars:
Okawaru
Sif Muna

Annotations:
D:9 5 runed translucent doors
Spider:1 Asterion


Innate Abilities, Weirdness & Mutations

You are resistant to damage.
You can heal yourself by infusing magical energy.
You passively map the area around you.
You do not regenerate.


Message History

Press: ? - help, Shift-Dir - straight line, f/p - Asterion
Aim: Asterion, wielding a +1 demon trident of flaming, wearing a +2 ring mail of poison resistance and wearing a +0 kite shield (heavily wounded, fast)
The thunderbolt hits Asterion!!
Asterion is severely wounded.
The lightning rod overheats!
You recover from your berserk rage.
Asterion conjures a destructive force in the name of Makhleb!
The iron shot hits you!!!
* * * LOW HITPOINT WARNING * * *
The boulder beetle leaps!
Asterion mumbles some strange prayers to Makhleb.
Use which ability? (? or * to list)
You feel much better. Asterion completely misses you.
You block the balrug's attack.
Use which ability? (? or * to list)
You feel much better.
Asterion hits you from afar with a +1 demon trident of flaming!!
* * * LOW HITPOINT WARNING * * *
Asterion burns you.
The balrug hits you with a +1 demon whip of flaming.
You are engulfed in flames!
* * * LOW HITPOINT WARNING * * *
The balrug burns you.
A tarantella comes into view.
Asterion barely misses you.
Use which ability? (? or * to list)
You feel much better. Asterion hits you but does no damage.
You block the balrug's attack.
Use which ability? (? or * to list)
Your magical essence is drained by the effort!
You feel much better. You block Asterion's attack.
The balrug hits you with a +1 demon whip of flaming!
You are engulfed in flames!!
* * * LOW HITPOINT WARNING * * *
The balrug burns you.
* * * LOW HITPOINT WARNING * * *
Asterion barely misses you.
Use which ability? (? or * to list)
You feel much better. The balrug gestures at you. Makhleb smites you!
You block Asterion's attack. The balrug gestures at you.
The bolt of fire hits you!!
* * * LOW HITPOINT WARNING * * *
As you read the scroll of teleportation, it crumbles to dust.
You feel strangely unstable.
Asterion hits you from afar with a +1 demon trident of flaming!!
* * * LOW HITPOINT WARNING * * *
Asterion burns you!
You die...

#...#.... ##....>... ,
##.......#. ,,
##..........
###...†.......
##.#..<........,
#.....†.H#..#.. *
##..#.......... ,
#>...@2#...... ,
###.....s......# , , ,
###)†..†..........
*#....††......#..##..
#..^........^....^#,..
* ...>.....^........#*
, *
,#......##..#†.......
, , ,
...........#...##... ,
..........###...#... *


You could see Asterion (fast), a balrug (summoned) and a tarantella.

Vanquished Creatures
  A ghost moth (Spider:1)
  A red draconian (Volcano)
  3 hydras
  Harold (D:11)
  8 two-headed ogres
  An ogre mage (Volcano)
  Erica (D:10)
  The ghost of Lanoc the Gelid, a journeyman BaIE of Vehumet (D:10)
  6 death yaks
  An orb spider (Spider:1)
  An orc knight (Orc:1)
  An ugly thing (D:8)
  3 wolf spiders
  4 oklob plants (Lair:2)
  A moth of wrath (Spider:1)
  2 centaur zombies (D:11)
  2 unseen horrors (D:11)
  Psyche (D:10)
  A komodo dragon (Lair:2)
  3 cane toads
  3 demonic crawlers
  2 trolls (Orc:1)
  3 jumping spiders
  A polar bear (Lair:2)
  A hornet (D:10)
  A slime creature (D:10)
  2 redbacks (Spider:1)
  A shadow (D:12)
  2 tarantellas (Spider:1)
  19 yaks
  2 steam dragons
  4 vampire mosquitoes (D:10)
  2 wargs (Orc:1)
  3 water moccasins
  3 black bears
  A sky beast (D:7)
  A necrophage (D:4)
  7 orc warriors
  3 ogres
  6 centaurs
  A phantom (D:4)
  A kobold brigand (D:10)
  3 gnoll sergeants
  A bullfrog (Lair:2)
  A wyvern skeleton (D:6)
  A water moccasin skeleton (D:5)
  5 wights (D:8)
  A howler monkey (D:4)
  A jelly (D:6)
  5 orc priests (D:6)
  3 bullfrog skeletons
  An iguana (D:6)
  A hell rat (D:8)
  13 orc wizards
  3 howler monkey zombies
  Robin (D:4)
  12 gnolls
  3 adders
  A howler monkey skeleton (D:7)
  A river rat (D:8)
  A shadow imp (D:3)
  A worm (D:2)
  A dart slug (D:4)
  41 orcs
  3 endoplasms
  7 goblins (D:4)
  5 hobgoblins
  A jackal (D:1)
  A bat (D:3)
  2 frilled lizards (D:1)
  6 kobolds
  A rat (D:8)
  A plant (Lair:2)
240 creatures vanquished.

Vanquished Creatures (others)
  A kobold (D:10)
  A fungus (Lair:2)
  4 plants
6 creatures vanquished.

Grand Total: 246 creatures vanquished

Notes
Turn   | Place    | Note
-------+----------+-------------------------------------------
     0 | D:1      | Ge0ff the Deep Dwarf Fighter began the quest for the Orb.
     0 | D:1      | Reached XP level 1. HP: 20/20 MP: 1/1
    84 | D:1      | Reached skill level 1 in Dodging
   117 | D:2      | Reached XP level 2. HP: 23/28 MP: 2/2
   137 | D:3      | Reached skill level 3 in Axes
   137 | D:3      | Found an iron altar of Okawaru.
   145 | D:3      | Became a worshipper of Warmaster Okawaru
   156 | D:3      | Reached XP level 3. HP: 21/34 MP: 3/3
   189 | D:4      | Noticed a black bear
   189 | D:4      | Noticed a necrophage
   197 | D:4      | Killed a necrophage
   197 | D:4      | Killed a black bear
   197 | D:4      | Reached * piety under Okawaru
   198 | D:4      | Reached skill level 5 in Axes
   198 | D:4      | Reached XP level 4. HP: 31/42 MP: 3/6
   198 | D:4      | Reached XP level 5. HP: 36/49 MP: 3/7
   287 | D:4      | Reached XP level 6. HP: 36/56 MP: 8/8
   326 | D:4      | Noticed Robin
   336 | D:4      | Killed Robin
   429 | D:5      | Entered Level 5 of the Dungeon
   440 | D:5      | Reached skill level 6 in Axes
   441 | D:5      | Reached ** piety under Okawaru
   442 | D:5      | Reached XP level 7. HP: 35/62 MP: 6/9
   463 | D:5      | Reached skill level 7 in Axes
   476 | D:6      | Reached skill level 5 in Invocations
   505 | D:6      | Reached skill level 8 in Axes
   505 | D:6      | Reached XP level 8. HP: 34/69 MP: 7/11
   599 | D:6      | Reached *** piety under Okawaru
   600 | D:6      | Reached skill level 9 in Axes
   655 | D:7      | Found a staircase to the Ecumenical Temple.
   658 | D:8      | Noticed a white ugly thing
   683 | D:8      | Killed a green ugly thing
   684 | D:8      | Reached skill level 5 in Fighting
   684 | D:8      | Reached skill level 10 in Axes
   684 | D:8      | Gained mutation: You passively map the area around you.
                  | [Deep Dwarf growth]
   684 | D:8      | Reached XP level 9. HP: 42/81 MP: 9/12
   732 | D:8      | Reached **** piety under Okawaru
   817 | D:9      | Noticed a black mamba
   817 | D:9      | Noticed a black mamba
   817 | D:9      | Noticed a black mamba
   821 | D:9      | Found the +9 staff of Olgreb {rPois∞}
   823 | D:9      | Found a runed translucent gate.
   824 | D:9      | Found a runed translucent door.
   836 | D:9      | Found a runed translucent gate.
   836 | D:9      | Found a runed translucent gate.
   838 | D:9      | Noticed a wolf spider
   844 | D:9      | Found a runed translucent door.
   881 | D:8      | Reached skill level 11 in Axes
   911 | D:9      | Reached skill level 1 in Evocations
   923 | D:9      | Reached skill level 5 in Armour
   969 | D:10     | Entered Level 10 of the Dungeon
   995 | D:10     | Noticed a two-headed ogre
   998 | D:10     | Reached XP level 10. HP: 70/91 MP: 10/14
  1001 | D:10     | Noticed Psyche
  1009 | D:10     | Reached ***** piety under Okawaru
  1010 | D:10     | Killed a two-headed ogre
  1019 | D:10     | Killed Psyche
  1020 | D:10     | Reached skill level 5 in Shields
  1050 | D:10     | Noticed Erica
  1077 | D:10     | Killed Erica
  1131 | D:10     | Reached skill level 12 in Axes
  1252 | D:10     | Found a runed translucent gate.
  1252 | D:10     | Found a runed translucent gate.
  1270 | D:10     | Found a runed translucent gate.
  1279 | D:10     | Noticed Lanoc's ghost (journeyman BaIE)
  1300 | D:10     | Received a gift from Okawaru
  1304 | D:10     | Reached XP level 11. HP: 36/99 MP: 5/13
  1337 | D:10     | Killed Lanoc's ghost
  1338 | D:10     | Reached skill level 5 in Evocations
  1363 | D:11     | Noticed Harold
  1373 | D:11     | Killed Harold
  1552 | D:10     | Found a shimmering blue altar of Sif Muna.
  1581 | D:11     | Identified the +1 robe of Decompression {rF+}
  1628 | D:11     | Noticed a seven-headed hydra
  1645 | D:11     | Killed a one-headed hydra
  1645 | D:11     | Received a gift from Okawaru
  1897 | D:9      | Reached skill level 13 in Axes
  1910 | D:9      | Found a staircase to the Orcish Mines.
  1926 | Orc:1    | Entered Level 1 of the Orcish Mines
  1926 | Orc:1    | Noticed an orc knight
  1948 | Orc:1    | Killed an orc knight
  1953 | Orc:1    | Received a gift from Okawaru
  1954 | Orc:1    | Reached skill level 10 in Invocations
  1983 | Orc:1    | Reached ****** piety under Okawaru
  1986 | Orc:2    | Entered Level 2 of the Orcish Mines
  2058 | D:8      | Noticed a two-headed ogre
  2067 | D:8      | Killed a two-headed ogre
  2080 | D:8      | Noticed a death yak
  2081 | D:8      | Found a staircase to the Lair.
  2084 | D:8      | Noticed a death yak
  2085 | D:8      | Noticed a death yak
  2099 | D:8      | Killed a death yak
  2110 | D:8      | Killed a death yak
  2112 | D:8      | Killed a death yak
  2113 | D:8      | Reached XP level 12. HP: 88/109 MP: 4/9
  2127 | Lair:1   | Entered Level 1 of the Lair of Beasts
  2154 | Lair:1   | Received a gift from Okawaru
  2175 | Lair:1   | Noticed a four-headed hydra
  2184 | Lair:1   | Killed a one-headed hydra
  2204 | Lair:2   | Noticed a six-headed hydra
  2222 | Lair:2   | Killed a one-headed hydra
  2281 | Lair:2   | Noticed a death yak
  2282 | Lair:2   | Noticed a death yak
  2299 | Lair:2   | Killed a death yak
  2308 | Lair:2   | Killed a death yak
  2309 | Lair:2   | Reached skill level 14 in Axes
  2320 | Lair:2   | Found a dark tunnel.
  2326 | Volcano  | Entered a volcano
  2343 | Volcano  | Noticed an ogre mage
  2346 | Volcano  | Found a radiant altar of Vehumet.
  2347 | Volcano  | Noticed a two-headed ogre
  2348 | Volcano  | Noticed a red draconian
  2348 | Volcano  | Noticed a two-headed ogre
  2348 | Volcano  | Noticed a two-headed ogre
  2360 | Volcano  | Killed a two-headed ogre
  2365 | Volcano  | Killed a two-headed ogre
  2366 | Volcano  | Killed a two-headed ogre
  2368 | Volcano  | Killed an ogre mage
  2368 | Volcano  | Received a gift from Okawaru
  2379 | Volcano  | Killed a red draconian
  2385 | Volcano  | Identified the +0 pair of boots "Nor Kele" {Dex+5}
  2405 | Volcano  | Noticed a two-headed ogre
  2405 | Volcano  | Noticed a two-headed ogre
  2409 | Volcano  | Killed a two-headed ogre
  2411 | Volcano  | Killed a two-headed ogre
  2411 | Volcano  | Noticed a two-headed ogre
  2422 | Volcano  | Killed a two-headed ogre
  2475 | Lair:2   | Noticed a death yak
  2488 | Lair:2   | Killed a death yak
  2515 | Lair:2   | Reached XP level 13. HP: 67/117 MP: 7/7
  2613 | Lair:2   | Found a hole to the Spider Nest.
  2624 | Spider:1 | Entered Level 1 of the Spider Nest
  2624 | Spider:1 | Noticed a ghost moth
  2631 | Spider:1 | Killed a ghost moth
  2632 | Spider:1 | Reached skill level 5 in Dodging
  2676 | Lair:2   | HP: 5/117 [poisoned by a redback]
  2788 | Spider:1 | Received a gift from Okawaru
  2794 | Spider:1 | Noticed Asterion
  2800 | Spider:1 | HP: 2/117 [Asterion/iron shot (50)]
  2801 | Spider:1 | Noticed a balrug
  2806 | Spider:1 | HP: 3/117 [Asterion/+1 demon trident of flaming (19)]
  2806 | Spider:1 | Slain by Asterion

Illustrated notes

Levels and vault maps discovered:
D:1:      sevenhm_arrival_forest_fort_large_4, layout_basic,
          shapermc_ecumenical_altar_mp_vishouse, chequers_serial_rivers_small_a,
          chequers_garden, minmay_pentomino_x2
D:2:      layout_basic
D:3:      layout_loops_corners, overflow_temple_1_default
D:4:      layout_basic, chequers_temple_overflow_minitemple, uniq_robin
D:5:      corexii_shantytown, layout_cave_pools, st_stairs_3
D:6:      layout_cave_pools
D:7:      layout_basic, minmay_temple_entry_mist, uniq_maggie
D:8:      layout_basic, marbit_many_paths, dpeg_lair_monsters
D:9:      layout_loops_corners, hiddenorc1_lemuel,
          minmay_guarded_unrand_staff_of_olgreb
D:10:     layout_cave_pools, nicolae_overflow_hidden_temple,
          gammafunk_ghost_split, serial_park, hive_lemuel, uniq_nergalle,
          uniq_psyche, uniq_erica
D:11:     layout_basic, serial_curves, eino_curves_01, eino_curves_02,
          yredelemnul_forgotten_temple_becter, uniq_harold
D:12:     layout_roguey
Lair:1:   layout_gridlike, ldierk_geyser, minivault_23, serial_bayou_lagoon_b,
          grunt_megastairs_2
Lair:2:   layout_roguey, dummy_spider_entry, nicolae_volcano_entry_hallway,
          minmay_lair_oklob_chamber, lemuel_fruit_fields
Spider:1: layout_spider_delve, nicolae_spider_twisty_arc_passages, uniq_asterion
Orc:1:    layout_caves, uniq_fannar
Orc:2:    st_orc_congregation, layout_caves, serial_shops, shop,
          nicolae_orc_tapped_out

Skill      XL: |  1  2  3  4  5  6  7  8  9 10 11 12 13 |
---------------+----------------------------------------+-----
Dodging        | 1 2 3 4 5 |  5.0
Fighting       | 3 5 6 7 8 |  8.0
Axes           | 3 5 6 8 10 11 12 13 14 | 14.7
Armour         | 4 5 6 7 8 9 |  9.0
Invocations    | 2 3 4 5 7 8 9 10 11 | 11.6
Shields        | 4 5 7 9 |  9.8
Evocations     | 2 4 6 8 |  8.8

Action                   |  1- 3 |  4- 6 |  7- 9 | 10-12 | 13-15 || total
-------------------------+-------+-------+-------+-------+-------++-------
Melee: War axe           |    31 |    56 |   170 |   306 |       ||   563
       Scimitar          |       |       |       |    24 |       ||    24
       Broad axe         |       |       |       |   106 |    89 ||   195
Invok: Heroism           |       |     3 |    11 |    17 |     2 ||    33
       Finesse           |       |       |       |     5 |     1 ||     6
 Abil: Heal Wounds       |     2 |     3 |     8 |    27 |    18 ||    58
Evoke: Wand              |       |       |       |     6 |     2 ||     8
       Lightning rod     |       |       |       |       |     4 ||     4
  Use: Potion            |     1 |       |     1 |     2 |     3 ||     7
       Scroll            |       |       |     3 |     8 |     2 ||    13
 Stab: Invisible         |       |       |     8 |     2 |     4 ||    14
       Confused          |       |       |       |     1 |       ||     1
Armor: Scale mail        |    29 |     7 |    25 |       |       ||    61
       Chain mail        |       |       |    21 |   112 |       ||   133
       Plate armour      |       |       |       |    39 |    60 ||    99
Dodge: Dodged            |    18 |    23 |   101 |   219 |    91 ||   452
Block: Kite shield       |    28 |    28 |   105 |   267 |    95 ||   523
       Rpst.: Scimitar   |       |       |       |     7 |       ||     7

Table legend: (Time is in decaauts)
 A = Elapsed time spent in this place.
 B = Non-inter-level travel time spent in this place.
 C = Inter-level travel time spent in this place.
 D = Time resting spent in this place.
 E = Time spent auto-exploring this place.
 F = Levels seen in this place.
 G = Mean time per level.
                   A        B        C        D        E       F      G
               +--------+--------+--------+--------+--------+-----+--------+
         Total |   2696 |   2694 |      2 |      0 |      0 |  18 |  149.8 |
       Dungeon |   2020 |   2018 |      2 |      0 |      0 |  12 |  168.3 |
          Lair |    414 |    414 |      0 |      0 |      0 |   2 |  207.0 |
   Spider Nest |     88 |     88 |      0 |      0 |      0 |   1 |   88.0 |
  Orcish Mines |     52 |     52 |      0 |      0 |      0 |   2 |   26.0 |
       Volcano |    119 |    119 |      0 |      0 |      0 |   1 |  119.0 |
               +--------+--------+--------+--------+--------+-----+--------+

Top non-repeatable levels by time:
     D:9: 409 daAuts
    D:11: 353 daAuts
  Lair:2: 335 daAuts
    D:10: 295 daAuts
     D:4: 239 daAuts
     D:8: 220 daAuts
     D:6: 136 daAuts
 Volcano: 119 daAuts
     D:1: 110 daAuts
Spider:1: 88 daAuts
     D:3: 79 daAuts
  Lair:1: 79 daAuts
     D:7: 67 daAuts
   Orc:1: 51 daAuts
     D:5: 44 daAuts
